 Dungeon Crawl Stone Soup version 0.32-a0-815-g315f82d515 (webtiles) character file.

Game seed: 11213336187256889912

271 Nvm9 the Trooper (level 6, 0/48 HPs)
             Began as a Demonspawn Fighter on Mar 23, 2024.
             Slain by a gnoll
             ... wielding a +0 halberd
              (3 damage)
             ... on level 3 of the Dungeon.
             The game lasted 00:05:58 (2410 turns).

Nvm9 the Trooper (Demonspawn Fighter)               Turns: 2410, Time: 00:05:58

Health: 0/48       AC: 14    Str: 24    XL:     6   Next: 2%
Magic:  6/6        EV:  7    Int:  9    God:
Gold:   123        SH:  4    Dex: 12    Spells: 5/5 levels left

rFire   . . .        a - +0 war axe
rCold   . . .        c - +0 buckler
rNeg    . . .        g - +0 chain mail
rPois   .            (no helmet)
rElec   .            h - +1 cloak
rCorr   .            (no gloves)
SInv    .            b - +0 pair of boots
Will    .....        (no amulet) Stlth
                     m - +6 ring of strength
HPRegen 0.28/turn    (no ring)
MPRegen 0.10/turn

%: no passive effects
@: mighty, lethally poisoned (0 -> -11), hasted and slowed
A: yellow scales 1, powered by death 1, weakness stinger 1
a: no special abilities


You were on level 3 of the Dungeon.
You visited 1 branch of the dungeon, and saw 3 of its levels.
You also visited: Sewer.

You collected 123 gold pieces.

Inventory:

Hand Weapons
 a - a +0 war axe (weapon)
 l - a +3 spear
 r - a +0 whip of flaming
Missiles
 j - 17 stones (quivered)
 o - 2 poisoned darts
Armour
 b - a +0 pair of boots (worn)
 c - a +0 buckler (worn)
 f - +0 steam dragon scales
 g - a +0 chain mail (worn)
 h - a +1 cloak (worn)
 p - the +0 robe of Depp {-Tele Rampage rCorr Str+2}
   (You found it on level 3 of the Dungeon)

   Str+2:     It affects your strength (+2).
   -Tele:     It prevents most forms of teleportation.
   rCorr:     It protects you from acid and corrosion.
   Rampage:   It bestows one free step when moving towards enemies.
Jewellery
 m - a +6 ring of strength (left hand)
Scrolls
 i - a scroll of identify
 q - 2 scrolls of noise
 u - a scroll of enchant armour
 v - 2 scrolls of teleportation
Potions
 d - 2 potions of might
 e - a potion of attraction
 k - a potion of haste
 n - a potion of enlightenment
 t - a potion of brilliance


   Skills:
 * Level 4.1 Fighting
 * Level 3.1 Axes
 + Level 1.4 Throwing
 * Level 3.6 Armour
 * Level 3.7 Shields


You had 5 spell levels left.
You didn't know any spells.
Your spell library contained the following spells:

 Spells                   Type           Power      Damage    Failure   Level
 Call Canine Familiar     Summ           0%         N/A       100%        3
 Frozen Ramparts          Ice            0%         1d1       100%        3
 Gell's Gravitas          Tloc           0%         N/A       100%        3
 Ozocubu's Armour         Ice            0%         N/A       100%        3
 Sigil of Binding         Hex            0%         N/A       100%        3
 Teleport Other           Tloc           0%         N/A       100%        3
 Dimensional Bullseye     Hex/Tloc       0%         N/A       100%        4
 Metabolic Englaciation   Hex/Ice        0%         N/A       100%        5
 Dispersal                Tloc           0%         N/A       100%        6


Dungeon Overview and Level Annotations

Branches:
Dungeon (3/15)              Sewer (visited)

Altars:

Annotations:
D:3 1 runed translucent door, Crazy Yiuf


Innate Abilities, Weirdness & Mutations

You are partially covered in yellow scales. (AC +2)
You regenerate a little health from kills.
You have a small tail.


Message History

The curare-tipped dart hits you.
You are poisoned.
You have difficulty breathing.
You feel yourself slow down.
Unknown command.
You feel very sick. The gnoll barely misses you.
You feel very sick.
You feel very sick.
You feel yourself speed up.
You feel sick. The gnoll barely misses you. x2
You feel very mighty all of a sudden.
You feel sick. The gnoll closely misses you.
You feel sick.
You slash the gnoll!
You kill the gnoll!
You slash the gnoll!
You feel sick. The gnoll closely misses you.
You have reached level 6!
Your demonic ancestry asserts itself...
Yellow scales grow over part of your body.
You feel sick. You block the gnoll's attack.
You feel yourself speed up.
You feel sick.
You are no longer poisoned.
The gnoll hits you from afar with a +0 halberd.
The gnoll hits you with a +0 club.
* * * LOW HITPOINT WARNING * * *
You hit the gnoll. You tail-slap the gnoll.
The gnoll is almost dead.
The gnoll hits you from afar with a +0 halberd.
* * * LOW HITPOINT WARNING * * *
The gnoll hits you with a +0 club.
* * * LOW HITPOINT WARNING * * *
You slice the gnoll!!
You kill the gnoll!
The gnoll throws a curare-tipped dart.
The curare-tipped dart hits you.
You are lethally poisoned!
You have difficulty breathing.
* * * LOW HITPOINT WARNING * * *
You feel yourself slow down.
The gnoll hits you from afar with a +0 halberd.
You die...

#.# #.....#
#.# ###.###
#.# #.# #.#
#†# #.## #)#
#..# #†# ##.#
#.# #.# #.#
#.# #@# #.#
#$####
##########.#
#gg..#
...........#
#.##...#
############
#.. ......#
... ....ß.#
..ß...ßg...#
..⌠≈≈≈≈≈⌠....
..ß≈#####≈ß...


You could see 2 gnolls.

Vanquished Creatures
  2 brain worms (Sewer)
  2 gnolls (D:3)
  6 adders
  A river rat (Sewer)
  8 bats
  4 endoplasms
  3 giant cockroaches
  4 goblins
  4 hobgoblins
  5 jackals (D:2)
  3 quokkas
  8 ball pythons
  7 frilled lizards
  6 kobolds
  12 rats
75 creatures vanquished.

Vanquished Creatures (collateral kills)
  A kobold (D:3)
1 creature vanquished.

Grand Total: 76 creatures vanquished

Notes
Turn   | Place    | Note
-------+----------+-------------------------------------------
     0 | D:1      | Nvm9 the Demonspawn Fighter began the quest for the Orb.
     0 | D:1      | Reached XP level 1. HP: 18/18 MP: 1/1
   228 | D:1      | Gained mutation: You have a small tail. [demonic ancestry]
   228 | D:1      | Reached XP level 2. HP: 24/24 MP: 2/2
   805 | D:2      | Reached XP level 3. HP: 29/29 MP: 3/3
  1406 | D:3      | Identified the +0 robe of Depp {-Tele Rampage rCorr Str+2}
  1505 | D:3      | Found a glowing drain.
  1514 | D:3      | Gained mutation: You regenerate a little health from kills.
                  | [demonic ancestry]
  1514 | D:3      | Reached XP level 4. HP: 29/35 MP: 4/4
  1534 | Sewer    | Entered a sewer
  1680 | Sewer    | Noticed a brain worm
  1709 | Sewer    | Killed a brain worm
  1710 | Sewer    | Reached skill level 1 in Throwing
  1710 | Sewer    | Reached XP level 5. HP: 26/42 MP: 3/5
  2076 | Sewer    | Reached skill level 4 in Fighting
  2323 | D:3      | Found a runed translucent door.
  2324 | D:3      | Noticed Crazy Yiuf
  2406 | D:3      | Gained mutation: You are partially covered in yellow
                  | scales. (AC +2) [demonic ancestry]
  2406 | D:3      | Reached XP level 6. HP: 18/48 MP: 6/6
  2410 | D:3      | Slain by a gnoll

Illustrated notes

Levels and vault maps discovered:
D:1:      amcnicky_arrival_flooded_fountain, layout_basic, minmay_tall_x
D:2:      layout_rooms, minmay_misc_feat_x
D:3:      layout_loops_ring, nicolae_gozag_conspicuous_consumption,
          cheibrodos_sewer_entry_drain, uniq_crazy_yiuf_cottage

Skill      XL: |  1  2  3  4  5 |
---------------+----------------+-----
Axes           | 2 3 |  3.1
Shields        | 3 |  3.7
Armour         | 3 |  3.6
Throwing       | 1 |  1.4
Fighting       | 4 |  4.1

Action                     |  1- 3 |  4- 6 || total
---------------------------+-------+-------++-------
  Melee: War axe           |    93 |   103 ||   196
         Tailslap          |     7 |     5 ||    12
    Use: Scroll            |     2 |     3 ||     5
         Potion            |     5 |     4 ||     9
 Armour: Scale mail        |    69 |       ||    69
         Chain mail        |    25 |    93 ||   118
  Dodge: Dodged            |    57 |    47 ||   104
  Block: Buckler           |    29 |    28 ||    57

Table legend: (Time is in decaauts)
 A = Elapsed time spent in this place.
 B = Non-inter-level travel time spent in this place.
 C = Inter-level travel time spent in this place.
 D = Time resting spent in this place.
 E = Time spent auto-exploring this place.
 F = Levels seen in this place.
 G = Mean time per level.
                   A        B        C        D        E       F      G
               +--------+--------+--------+--------+--------+-----+--------+
         Total |   2552 |   2531 |     21 |    274 |   1364 |   4 |  638.0 |
       Dungeon |   1735 |   1714 |     21 |     35 |   1092 |   3 |  578.3 |
         Sewer |    816 |    816 |      0 |    239 |    271 |   1 |  816.0 |
               +--------+--------+--------+--------+--------+-----+--------+

Top non-repeatable levels by time:
   Sewer: 816 daAuts
     D:1: 773 daAuts
     D:2: 570 daAuts
     D:3: 392 daAuts
